 Dungeon Crawl Stone Soup version 0.22-a0-185-ge330310 (webtiles) character file.

18 vishdafish the Skirmisher (level 2, -7/24 HPs)
             Began as a Demonspawn Fighter on Feb 15, 2018.
             Mangled by a kobold
             ... wielding a +0 whip of electrocution
              (10 damage)
             ... on level 1 of the Dungeon.
             The game lasted 00:00:32 (317 turns).

vishdafish the Skirmisher (Demonspawn Fighter)       Turns: 317, Time: 00:00:33

Health: -7/24      AC:  8    Str: 21    XL:     2   Next: 48%
Magic:  2/2        EV:  7    Int:  9    God:
Gold:   45         SH:  9    Dex: 12    Spells: 1/1 levels left

rFire    . . .     SeeInvis .   a - +0 long sword
rCold    . . .     Gourm    .   c - +0 shield
rNeg     . . .     Faith    .   b - +0 scale mail
rPois    .         Spirit   .   (no helmet)
rElec    .         Reflect  .   (no cloak)
rCorr    .         Harm     .   (no gloves)
MR       .....                  (no boots)
Stlth    ..........             (no amulet)
HPRegen  0.08/turn              (no ring)
MPRegen  0.08/turn              (no ring)

@: mighty
A: yellow scales 1
a: no special abilities


You were on level 1 of the Dungeon.
You were not hungry.

You visited 1 branch of the dungeon, and saw 1 of its levels.

You collected 45 gold pieces.

Inventory:

Hand Weapons
 a - a +0 long sword (weapon)
Missiles
 g - 6 silver tomahawks (quivered)
Armour
 b - a +0 scale mail (worn)
 c - a +0 shield (worn)
Scrolls
 h - a scroll of remove curse {unknown}
Potions
 e - a potion of resistance {unknown}
 i - a potion of curing {unknown}
Comestibles
 f - 2 rations


   Skills:
 + Level 3.2 Fighting
 + Level 1.9 Long Blades
 + Level 2.9 Armour
 + Level 0.1 Dodging
 + Level 3.0 Shields


You had one spell level left.
You didn't know any spells.

Dungeon Overview and Level Annotations

Branches:
Dungeon (1/15)

Altars:


Innate Abilities, Weirdness & Mutations

You are partially covered in yellow scales. (AC +2)


Message History

You are too injured to fight recklessly!
You are too injured to fight recklessly!
You are too injured to fight recklessly!
You are too injured to fight recklessly!
You are too injured to fight recklessly!
You are too injured to fight recklessly!
You see here a stone.
The kobold barely misses you.
You see here a stone.
You block the bat's attack. The bat barely misses you.
The bat hits you but does no damage. The bat barely misses you.
You riposte.
You closely miss the bat.
You feel very mighty all of a sudden. You block the bat's attack. x2
You slash the bat!
You kill the bat!
You closely miss the kobold. The kobold hits you but does no damage.
You are electrocuted!
You die...

.# #...# #.# #.. #
#.## #...# #.# #..
#. #..# #...# #.#
#.. ##. #..# #...#
#.. #.. ... #...
#...#### #..
.####.##.#.##
#...#.. #..
......†..#..#
#...#.# ...
#.†##.###...#.######
#.((...K@...........
#.###.####(##.######
#.# #.# ##.##.# #.#
#.###.>..(#
#.###.#...#####
#.........)..#
############.# #


You could see a kobold.

Vanquished Creatures
  3 hobgoblins (D:1)
  4 kobolds (D:1)
  A bat (D:1)
  A frilled lizard (D:1)
  5 goblins (D:1)
  3 rats (D:1)
17 creatures vanquished.

Notes
Turn   | Place    | Note
-------+----------+-------------------------------------------
     0 | D:1      | vishdafish the Demonspawn Fighter began the quest for the Orb.
     0 | D:1      | Reached XP level 1. HP: 18/18 MP: 1/1
   128 | D:1      | Gained mutation: You are partially covered in yellow scales. (AC +2) [demonic ancestry]
   128 | D:1      | Reached XP level 2. HP: 24/24 MP: 2/2
   317 | D:1      | Mangled by a kobold

Vault maps used:
D:1:      saegor_arrival_simple_f, st_stairs_1

Skill      XL: |  1  2 |
---------------+-------+-----
Shields        | 3 |  3.0
Fighting       | |  3.2
Long Blades    | |  1.9
Armour         | |  2.9
Dodging        | |  0.1

Action                   || total
-------------------------++-------
Melee: Long sword        ||    49
  Use: Potion            ||     1
Armor: Scale mail        ||    28
Dodge: Dodged            ||    24
Block: Shield            ||    24
       Rpst.: Long sword ||    10

Table legend:
 A = Spawn XP
 B = Non-spawn XP
 C = Spawn XP percentage of total XP
 D = Spawn monster count
 E = Non-spawn monster count
 F = Spawn count percentage of total count
 G = Total turns spent on level
                    A         B        C        D         E        F      G
               +---------+---------+-------+---------+---------+-------+---------
         Total |       0 |      26 |   0.0 |       0 |      17 |   0.0 |   317
               +---------+---------+-------+---------+---------+-------+---------
           D:1 |       0 |      26 |   0.0 |       0 |      17 |   0.0 |   317
               +---------+---------+-------+---------+---------+-------+---------
